AoeStats
← VeerKnight

Glade

510341601Analyzed
1v1 RM · 2d ago on Sep 30, 2026· 25m 48s· 2 players
Game mode
Random Map
Map size
Tiny (2 player)
Population
200
Speed
Normal
Resources
Standard
Victory
Conquest
Starting age
Dark Age
Ending age
Imperial Age
RankedLock teamsTeams togetherTeam positionsShared explorationLock speedFull tech treeHidden civsTurbo modeCheats
Victory
Defeat
🇮🇳 Spanish · India
652
+17
🇲🇽 Goths · Mexico
681
-17
VeerKnight
10:46 Feudal Age
11:12 Double-Bit Axe
18:42 Castle Age
17:23 Bloodlines
17:10 Horse Collar
17:44 Gold Mining
18:36 Forging
19:02 Scale Barding Armor
22:04 Chain Barding Armor
Dragonfly911815
10:35 Feudal Age
18:56 Castle Age
17:37 Loom
Connection lost

Rejoining the realm…

Still unreachable

The connection could not be restored.

Session expired

The server has moved on; the page needs a fresh start.